 Dungeon Crawl Stone Soup version 0.29-a0-23-ga79f92ac9c (webtiles) character file.

Game seed: 2473893116701726987

426 enile the Skirmisher (level 6, -2/65 (67) HPs)
             Began as an Ogre Fire Elementalist on Jan 30, 2022.
             Slain by Crazy Yiuf the boggart (6 damage)
             ... on level 3 of the Dungeon.
             The game lasted 00:08:22 (4613 turns).

enile the Skirmisher (Ogre Fire Elementalist)       Turns: 4613, Time: 00:08:23

HP:   -2/65 (67)    AC:  8    Str: 19    XL:     6   Next: 97%
MP:   2/12          EV: 10    Int: 18    God:
Gold: 73            SH:  0    Dex: 12    Spells: 7/13 levels left

rFire   + . .      SeeInvis .   o - +0 morningstar
rCold   . . .      Faith    .   (no shield)
rNeg    . . .      Spirit   .   q - +5 robe of Lethargy {Dex+3}
rPois   .          Reflect  .   (helmet restricted)
rElec   .          Harm     .   (no cloak)
rCorr   .          Rampage  .   (gloves unavailable)
Will    .....                   (boots unavailable)
Stlth   ++........              (no amulet)
HPRegen 0.20/turn               c - +6 ring of strength
MPRegen 0.13/turn               f - ring of protection from fire

@: lethally poisoned (-2 -> -11), lightly drained
A: large, unfitting armour, tough skin 1
a: no special abilities


You were on level 3 of the Dungeon.
You visited 1 branch of the dungeon, and saw 3 of its levels.

You collected 73 gold pieces.

Inventory:

Hand Weapons
 k - a +0 war axe
 o - a +0 morningstar (weapon)
 r - a +3 quarterstaff
Missiles
 g - 8 poisoned darts (quivered)
Armour
 a - a +1 robe
 q - the +5 robe of Lethargy (worn) {Dex+3}
   (You took it off a gnoll on level 2 of the Dungeon)

   Dex:       It affects your dexterity (+3).
Jewellery
 c - a +6 ring of strength (left hand)
 f - a ring of protection from fire (right hand)
Wands
 b - a wand of polymorph (3)
Scrolls
 e - 2 scrolls of teleportation
 h - 4 scrolls of identify {unknown}
 s - a scroll of fear {unknown}
Potions
 l - a potion of attraction {unknown}
 m - a potion of flight {unknown}
 p - a potion of lignification {unknown}


   Skills:
 - Level 6.0 Fighting
 + Level 0.4 Throwing
 - Level 1.9 Dodging
 - Level 1.5 Stealth
 - Level 4.0 Spellcasting
 - Level 2.0 Conjurations
 - Level 4.0 Fire Magic


You had 7 spell levels left.
You knew the following spells:

 Your Spells              Type           Power      Damage    Failure   Level
a - Foxfire               Conj/Fire      56%        2x1d6     4%          1
b - Scorch                Fire           36%        2d6       4%          2
c - Conjure Flame         Conj/Fire      14%        6-21      13%         3

Your spell library contained the following spells:

 Spells                   Type           Power      Damage    Failure   Level
 Inner Flame              Hex/Fire       10%        N/A       19%         3
 Flame Wave               Conj/Fire      14%        2d6       38%         4


Dungeon Overview and Level Annotations

Branches:
Dungeon (3/15)

Altars:

Annotations:
D:3 Crazy Yiuf


Innate Abilities, Weirdness & Mutations

You are too large for most types of armour.
You have tough skin. (AC +1)


Message History

Sorry, you're not good enough to have a special ability.
You drop a wand of iceblast (8).
You feel very sick. Crazy Yiuf barely misses you.
Unknown command.
Okay, then.
Sorry, you're not good enough to have a special ability.
You closely miss Crazy Yiuf.
Crazy Yiuf is almost dead.
You feel very sick. Crazy Yiuf closely misses you.
The gnoll closely misses you. The gnoll completely misses you.
Crazy Yiuf says, "Iron bush testudinal!"
Crazy Yiuf casts a spell.
Crazy Yiuf flickers and vanishes!
You closely miss something.
You feel very sick. The gnoll misses you.
Something hits you but does no damage.
You feel drained. The gnoll hits you with a +0 club.
The gnoll hits you with a +0 vorpal flail.
Something hits you.
* * * LOW HITPOINT WARNING * * *
The gnoll barely misses you.
Sorry, you're not good enough to have a special ability.
As you read the scroll labelled RAIF XAIDWE, it crumbles to dust.
It is a scroll of enchant armour.
Your +0 robe glows green for a moment.
You feel sick. The gnoll closely misses you.
Something hits you but does no damage.
You are more poisoned.
The gnoll misses you.
The gnoll hits you with a +0 flail of protection.
* * * LOW HITPOINT WARNING * * *
* * * LOW HITPOINT WARNING * * *
You feel very sick. Something hits you.
* * * LOW HITPOINT WARNING * * *
Your magical contamination has completely faded away.
* * * LOW HITPOINT WARNING * * *
You feel sick. Something hits you.
You die...

#.......)..##...# #.#####
#..........###..####### #.#####
#..........# #........# #.#...#
#..........###..#####.# #.#...#
######.#........>#####.####.#...'
.......####.......#.........#...#
.......####....g..#.........#...#
.......#.....g/{..#.........'...#
...............g@...<.......#####
.......#...#................#####
.......#...#................#....
.......#...#.......)........#....
#...####...#.......#.#.###.##....
#...# #...#.......#[#.#...##....
#...# #...#.......#.#.#.#.......
#...# #...#########.#.#.#.##....
#...# #...# #.#.#.#.##.###


You could see 3 gnolls.

Vanquished Creatures
  Grinder (D:3)
  Ijyb (D:3)
  2 orc wizards (D:3)
  4 gnolls
  3 adders
  3 worms
  A dart slug (D:3)
  6 orcs (D:3)
  3 ball pythons (D:1)
  7 bats
  5 endoplasms
  2 giant cockroaches (D:3)
  11 goblins
  8 hobgoblins
  3 jackals (D:2)
  A quokka (D:1)
  3 frilled lizards
  7 kobolds
  5 rats
76 creatures vanquished.

Vanquished Creatures (collateral kills)
  A frilled lizard (D:2)
1 creature vanquished.

Vanquished Creatures (others)
  232 foxfires
232 creatures vanquished.

Grand Total: 309 creatures vanquished

Notes
Turn   | Place    | Note
-------+----------+-------------------------------------------
     0 | D:1      | enile the Ogre Fire Elementalist began the quest for the
                  | Orb.
     0 | D:1      | Reached XP level 1. HP: 16/16 MP: 3/3
    55 | D:1      | Reached skill level 1 in Conjurations
   256 | D:1      | Reached XP level 2. HP: 22/24 MP: 2/5
   421 | D:1      | Reached skill level 1 in Fighting
   689 | D:1      | Reached skill level 2 in Fighting
   734 | D:1      | Found a faded altar of an unknown god.
   845 | D:1      | Reached XP level 3. HP: 35/35 MP: 4/6
  1311 | D:1      | Reached skill level 3 in Fighting
  1314 | D:1      | Learned a level 2 spell: Scorch
  1816 | D:2      | Reached XP level 4. HP: 45/45 MP: 4/8
  1844 | D:2      | Identified the +5 robe of Lethargy {Dex+3}
  2849 | D:3      | Found a runed translucent door.
  2850 | D:3      | Noticed Crazy Yiuf
  3034 | D:3      | Reached XP level 5. HP: 53/53 MP: 2/9
  3050 | D:3      | Noticed Ijyb
  3056 | D:3      | Killed Ijyb
  3784 | D:3      | Noticed Grinder
  3893 | D:3      | Paralysed by Grinder for 3 turns
  3910 | D:3      | Killed Grinder
  3911 | D:3      | Reached skill level 5 in Fighting
  3911 | D:3      | Reached skill level 6 in Fighting
  3911 | D:3      | Reached XP level 6. HP: 67/67 MP: 4/12
  4221 | D:3      | Noticed Crazy Yiuf
  4221 | D:3      | Crazy Yiuf changed into Crazy Yiuf the boggart
  4587 | D:3      | Learned a level 3 spell: Conjure Flame
  4613 | D:3      | Slain by Crazy Yiuf the boggart

Illustrated notes

Levels and vault maps discovered:
D:1:      ebering_trefoil_3fold, layout_basic,
          shapermc_ecumenical_altar_notcrosses
D:2:      layout_basic, chequers_mini_garden
D:3:      layout_basic, uniq_ijyb, uniq_crazy_yiuf_cottage, uniq_grinder

Skill      XL: |  1  2  3  4  5 |
---------------+----------------+-----
Conjurations   | 1 2 |  2.0
Fighting       | 2 3 6 |  6.0
Spellcasting   | 3 4 |  4.0
Fire Magic     | 3 4 |  4.0
Throwing       | |  0.4
Dodging        | |  1.9
Stealth        | |  1.5

Action                   |  1- 3 |  4- 6 || total
-------------------------+-------+-------++-------
Melee: Unarmed           |    18 |     5 ||    23
       War axe           |       |     8 ||     8
       Morningstar       |       |    21 ||    21
Throw: Dart              |       |     1 ||     1
 Cast: Foxfire           |    79 |    62 ||   141
       Scorch            |     6 |    32 ||    38
Evoke: Wand              |       |     4 ||     4
  Use: Scroll            |       |     4 ||     4
       Potion            |       |     2 ||     2
Armor: Robe              |    11 |    19 ||    30
       Skin              |       |     1 ||     1
Dodge: Dodged            |    11 |    44 ||    55

Table legend: (Time is in decaauts)
 A = Elapsed time spent in this place.
 B = Non-inter-level travel time spent in this place.
 C = Inter-level travel time spent in this place.
 D = Time resting spent in this place.
 E = Time spent auto-exploring this place.
 F = Levels seen in this place.
 G = Mean time per level.
                   A        B        C        D        E       F      G
               +--------+--------+--------+--------+--------+-----+--------+
         Total |   4608 |   4542 |     66 |    484 |   3217 |   3 | 1536.0 |
       Dungeon |   4608 |   4542 |     66 |    484 |   3217 |   3 | 1536.0 |
               +--------+--------+--------+--------+--------+-----+--------+

Top non-repeatable levels by time:
     D:3: 1745 daAuts
     D:2: 1445 daAuts
     D:1: 1417 daAuts
